General information
- name: BNet
- type: Ladder team game (AT/RT)
- host: Battle.net
- saver: ADragonsHoard
map: Deadlands
- players: 8
- length: 37:27
- speed: Fast
- version: 1.26 W3XP
- replay type: Public
» download(265 KB)
Players
team 1 (winner)

»
BlazeFury (
red | 50 APM | 1855 actions | 37:27)
6 Death Knight
3 Death Coil
2 Unholy Aura
1 Animate Dead
5 Lich
3 Frost Nova
2 Frost Armor
» actions
| Assign group hotkey | 24 | |
| Basic commands | 21 | |
| Build / train | 64 | |
| Enter build submenu | 28 | |
| Enter hero's abilities submenu | 11 | |
| Give item / drop item | 9 | |
| Right click | 894 | |
| Select / deselect | 327 | |
| Select group hotkey | 338 | |
| Use ability | 139 | |
1855 total
» units
| Acolyte | 15 | |
| Ghoul | 3 | |
| Crypt Fiend | 5 | |
| Obsidian Statue | 2 | |
| Frost Wyrm | 4 | |
29 total
» upgrades
| Burrow | 1 | |
| Destroyer Form | 1 | |
| Creature Attack | 1 | |
3 total
» buildings
| Crypt | 3 | |
| Graveyard | 2 | |
| Ziggurat | 13 | |
| Altar of Darkness | 1 | |
| Tomb of Relics | 1 | |
| Halls of the Dead | 2 | |
| Nerubian Tower | 1 | |
| Black Citadel | 1 | |
| Sacrificial Pit | 1 | |
| Slaughterhouse | 1 | |
| Boneyard | 2 | |
| Necropolis | 2 | |
30 total
» build order
00:28 Crypt
00:32 Graveyard
00:47 Ziggurat
00:50 Altar of Darkness
01:11 Ziggurat
01:13 Tomb of Relics
02:18 Halls of the Dead
02:37 Ziggurat
04:06 Nerubian Tower
04:58 Black Citadel
05:08 Sacrificial Pit
05:11 Ziggurat
06:14 Slaughterhouse
07:28 Boneyard
07:29 Boneyard
10:10 Ziggurat
10:57 Ziggurat
14:40 Ziggurat
14:41 Ziggurat
14:45 Ziggurat
17:05 Necropolis
17:35 Necropolis
17:38 Ziggurat
17:39 Ziggurat
17:40 Ziggurat
17:41 Ziggurat
18:59 Crypt
19:09 Crypt
21:09 Graveyard
23:25 Halls of the Dead
» items
| Rod of Necromancy | 1 | |
| Orb of Corruption | 1 | |
| Scroll of Town Portal | 7 | |
| Potion of Healing | 1 | |
| Boots of Speed | 1 | |
| Periapt of Vitality | 2 | |
| Potion of Lesser Invulnerability | 2 | |
15 total

»
Nrienr (
yellow | 94 APM | 3529 actions | 37:27)
5 Keeper of the Grove
3 Force of Nature
2 Entangling Roots
4 Priestess of the Moon
2 Trueshot Aura
2 Searing Arrows
» actions
| Assign group hotkey | 109 | |
| Basic commands | 416 | |
| Build / train | 166 | |
| Enter build submenu | 25 | |
| Enter hero's abilities submenu | 9 | |
| Remove unit from queue | 13 | |
| Right click | 1265 | |
| Select / deselect | 721 | |
| Select group hotkey | 669 | |
| Use ability | 135 | |
3529 total
» units
| Wisp | 35 | |
| Archer | 45 | |
| Druid of the Talon | 20 | |
| Druid of the Claw | 3 | |
103 total
» upgrades
| Improved Bows | 1 | |
| Strength of the Moon | 3 | |
| Marksmanship | 1 | |
| Moon Armor | 3 | |
| Druid of the Talon Training | 2 | |
| Druid of the Claw Training | 2 | |
| Mark of the Claw | 1 | |
| Upgrade Moon Glaive | 0 | |
13 total
» buildings
| Moon Well | 9 | |
| Altar of Elders | 1 | |
| Ancient of War | 2 | |
| Tree of Ages | 2 | |
| Ancient of Wonders | 1 | |
| Hunter's Hall | 1 | |
| Tree of Life | 6 | |
| Tree of Eternity | 4 | |
| Ancient of Wind | 1 | |
| Ancient of Lore | 2 | |
29 total
» build order
00:20 Moon Well
00:28 Altar of Elders
00:34 Ancient of War
01:27 Moon Well
02:46 Tree of Ages
02:46 Tree of Ages
03:17 Moon Well
03:32 Ancient of Wonders
04:10 Hunter's Hall
04:52 Tree of Life
06:27 Tree of Eternity
06:28 Tree of Eternity
06:28 Tree of Eternity
08:32 Moon Well
09:27 Moon Well
09:33 Ancient of Wind
10:15 Moon Well
10:58 Ancient of War
11:36 Moon Well
11:38 Moon Well
14:51 Ancient of Lore
15:07 Moon Well
18:47 Tree of Life
18:52 Tree of Life
19:17 Ancient of Lore
25:13 Tree of Life
31:10 Tree of Life
31:19 Tree of Life
» items
| Scroll of Protection | 1 | |
| Scroll of Town Portal | 1 | |
| Potion of Healing | 1 | |
3 total
ADragonsHoard (
blue | 48 APM | 1800 actions | 37:27)
7 Blademaster
3 Wind Walk
3 Critical Strike
1 Bladestorm
» actions
| Assign group hotkey | 72 | |
| Basic commands | 243 | |
| Build / train | 68 | |
| Enter build submenu | 44 | |
| Enter hero's abilities submenu | 7 | |
| Give item / drop item | 6 | |
| Remove unit from queue | 1 | |
| Right click | 627 | |
| Select / deselect | 290 | |
| Select group hotkey | 255 | |
| Use ability | 187 | |
1800 total
» units
| Peon | 8 | |
| Grunt | 4 | |
| Goblin Shredder | 1 | |
| Wind Rider | 6 | |
| Goblin Sapper | 10 | |
29 total
» upgrades
| Reinforced Defenses | 1 | |
| Ranged Weapons | 3 | |
| Armor | 3 | |
| Envenomed Spears | 1 | |
8 total
» buildings
| Orc Burrow | 7 | |
| Altar of Storms | 1 | |
| Barracks | 1 | |
| Voodoo Lounge | 1 | |
| Stronghold | 1 | |
| War Mill | 1 | |
| Watch Tower | 28 | |
| Great Hall | 1 | |
| Fortress | 1 | |
| Beastiary | 4 | |
46 total
» build order
00:11 Orc Burrow
00:57 Altar of Storms
00:58 Barracks
01:05 Orc Burrow
01:39 Voodoo Lounge
03:02 Stronghold
03:52 War Mill
04:20 Orc Burrow
05:07 Watch Tower
05:07 Watch Tower
05:08 Watch Tower
05:09 Watch Tower
05:10 Watch Tower
05:10 Watch Tower
05:12 Watch Tower
05:16 Watch Tower
05:37 Orc Burrow
06:39 Great Hall
06:40 Watch Tower
07:34 Orc Burrow
08:13 Orc Burrow
08:38 Fortress
10:43 Beastiary
10:44 Beastiary
10:45 Beastiary
10:49 Beastiary
12:58 Watch Tower
13:27 Watch Tower
13:28 Watch Tower
13:29 Watch Tower
13:37 Watch Tower
13:38 Watch Tower
15:05 Watch Tower
15:07 Watch Tower
15:09 Watch Tower
15:11 Watch Tower
15:14 Watch Tower
15:43 Watch Tower
15:46 Watch Tower
15:47 Watch Tower
15:50 Watch Tower
15:52 Watch Tower
16:23 Watch Tower
16:25 Watch Tower
16:27 Watch Tower
20:31 Orc Burrow
» items
| Healing Salve | 5 | |
| Lesser Clarity Potion | 2 | |
| Potion of Mana | 1 | |
| Orb of Lightning | 1 | |
| Scroll of Town Portal | 2 | |
| Staff of Teleportation | 3 | |
| Potion of Lesser Invulnerability | 1 | |
| Periapt of Vitality | 1 | |
| Boots of Speed | 2 | |
18 total

»
everyth1ng (
pink | 48 APM | 1106 actions | 23:02)
5 Blademaster
2 Wind Walk
3 Critical Strike
» actions
| Assign group hotkey | 66 | |
| Basic commands | 132 | |
| Build / train | 58 | |
| Enter build submenu | 29 | |
| Enter hero's abilities submenu | 5 | |
| Give item / drop item | 2 | |
| Remove unit from queue | 3 | |
| Right click | 397 | |
| Select / deselect | 275 | |
| Select group hotkey | 67 | |
| Use ability | 72 | |
1106 total
» units
| Peon | 12 | |
| Grunt | 3 | |
| Troll Headhunter/Berserker | 11 | |
| Spirit Walker | 3 | |
| Shaman | 4 | |
| Draenei Darkslayer | 1 | |
34 total
» upgrades
| Armor | 1 | |
| Shaman Training | 2 | |
| Berserker Upgrade | 1 | |
| Ranged Weapons | 1 | |
5 total
» buildings
| Altar of Storms | 1 | |
| Orc Burrow | 10 | |
| Barracks | 3 | |
| War Mill | 2 | |
| Voodoo Lounge | 2 | |
| Watch Tower | 6 | |
| Great Hall | 2 | |
| Stronghold | 1 | |
| Spirit Lodge | 2 | |
| Fortress | 1 | |
| Beastiary | 1 | |
31 total
» build order
00:10 Altar of Storms
00:27 Orc Burrow
01:50 Barracks
02:10 War Mill
02:45 Voodoo Lounge
03:31 Orc Burrow
03:44 Orc Burrow
04:29 Watch Tower
04:35 Watch Tower
04:51 Watch Tower
05:18 Barracks
06:03 Watch Tower
06:43 Great Hall
06:49 Stronghold
06:57 Orc Burrow
07:28 Voodoo Lounge
07:59 War Mill
08:43 Watch Tower
10:19 Spirit Lodge
10:20 Fortress
11:16 Watch Tower
11:57 Spirit Lodge
12:14 Barracks
13:12 Orc Burrow
14:13 Orc Burrow
17:41 Orc Burrow
17:41 Orc Burrow
17:42 Orc Burrow
17:43 Orc Burrow
20:03 Beastiary
20:27 Great Hall
» items
| Potion of Healing | 2 | |
| Scroll of Healing | 1 | |
| Lesser Clarity Potion | 1 | |
| Healing Salve | 1 | |
| Potion of Lesser Invulnerability | 1 | |
| Scroll of Town Portal | 1 | |
| Orb of Lightning | 1 | |
8 total
team 2 (loser)

»
pichicacaculo (
teal | 87 APM | 1618 actions | 18:29)
3 Crypt Lord
2 Carrion Beetles
1 Impale
2 Goblin Tinker
1 Pocket Factory
1 Engineering Upgrade
» actions
| Assign group hotkey | 34 | |
| Basic commands | 57 | |
| Build / train | 45 | |
| ESC pressed | 1 | |
| Enter build submenu | 20 | |
| Enter hero's abilities submenu | 5 | |
| Remove unit from queue | 1 | |
| Right click | 400 | |
| Select / deselect | 495 | |
| Select group hotkey | 494 | |
| Use ability | 66 | |
1618 total
» units
| Acolyte | 9 | |
| Ghoul | 3 | |
| Crypt Fiend | 9 | |
| Frost Wyrm | 4 | |
25 total
» upgrades
» buildings
| Ziggurat | 8 | |
| Crypt | 1 | |
| Altar of Darkness | 1 | |
| Graveyard | 1 | |
| Tomb of Relics | 1 | |
| Nerubian Tower | 3 | |
| Halls of the Dead | 1 | |
| Necropolis | 1 | |
| Black Citadel | 1 | |
| Sacrificial Pit | 1 | |
| Boneyard | 4 | |
| Spirit Tower | 1 | |
24 total
» build order
01:02 Ziggurat
01:07 Crypt
01:15 Altar of Darkness
01:30 Graveyard
01:35 Ziggurat
01:47 Tomb of Relics
01:54 Nerubian Tower
02:32 Nerubian Tower
02:39 Ziggurat
04:39 Halls of the Dead
06:45 Necropolis
08:21 Black Citadel
08:21 Sacrificial Pit
09:26 Ziggurat
10:17 Ziggurat
10:38 Nerubian Tower
11:04 Boneyard
11:21 Boneyard
11:47 Ziggurat
12:02 Ziggurat
12:41 Spirit Tower
13:40 Boneyard
14:03 Boneyard
14:44 Ziggurat
» items
| Rod of Necromancy | 2 | |
| Potion of Healing | 1 | |
| Scroll of Town Portal | 1 | |
4 total
SilEntRanGeR (
green | 67 APM | 1185 actions | 17:41)
3 Death Knight
1 Unholy Aura
2 Death Coil
2 Pit Lord
1 Rain of Fire
1 Cleaving Attack
1 Lich
1 Frost Nova
» actions
| Assign group hotkey | 33 | |
| Build / train | 44 | |
| Enter build submenu | 11 | |
| Enter hero's abilities submenu | 6 | |
| Give item / drop item | 1 | |
| Right click | 365 | |
| Select / deselect | 130 | |
| Select group hotkey | 556 | |
| Use ability | 39 | |
1185 total
» units
| Acolyte | 2 | |
| Ghoul | 2 | |
| Crypt Fiend | 17 | |
| Obsidian Statue | 1 | |
22 total
» upgrades
| Creature Attack | 2 | |
| Web | 1 | |
| Creature Carapace | 2 | |
5 total
» buildings
| Crypt | 1 | |
| Altar of Darkness | 1 | |
| Ziggurat | 6 | |
| Graveyard | 1 | |
| Tomb of Relics | 1 | |
| Halls of the Dead | 1 | |
| Nerubian Tower | 1 | |
| Slaughterhouse | 1 | |
| Black Citadel | 1 | |
14 total
» build order
00:08 Crypt
00:13 Altar of Darkness
00:35 Ziggurat
00:59 Graveyard
01:29 Ziggurat
01:58 Tomb of Relics
03:34 Halls of the Dead
04:08 Ziggurat
04:32 Nerubian Tower
05:45 Ziggurat
07:48 Slaughterhouse
10:09 Ziggurat
10:18 Black Citadel
15:44 Ziggurat
» items
| Dust of Appearance | 1 | |
| Scroll of Regeneration | 1 | |
| Lesser Clarity Potion | 1 | |
| Potion of Healing | 1 | |
| Scroll of Town Portal | 1 | |
5 total
bankby (
purple | 164 APM | 2936 actions | 17:54)
3 Archmage
2 Summon Water Elemental
1 Brilliance Aura
1 Mountain King
1 Storm Bolt
» actions
| Assign group hotkey | 437 | |
| Basic commands | 21 | |
| Build / train | 54 | |
| Enter build submenu | 24 | |
| Enter hero's abilities submenu | 4 | |
| Remove unit from queue | 1 | |
| Right click | 1174 | |
| Select / deselect | 271 | |
| Select group hotkey | 880 | |
| Use ability | 70 | |
2936 total
» units
| Peasant | 8 | |
| Footman | 7 | |
| Sorceress | 2 | |
| Spell Breaker | 1 | |
| Priest | 6 | |
| Mortar Team | 4 | |
28 total
» upgrades
| Defend | 1 | |
| Lumber Harvesting | 1 | |
| Gunpowder | 2 | |
| Priest Training | 2 | |
| Magic Sentry | 1 | |
| Fragmentation Shards | 1 | |
| Flare | 1 | |
| Sorceress Training | 1 | |
| Flak Cannons | 1 | |
11 total
» buildings
| Altar of Kings | 1 | |
| Barracks | 1 | |
| Farm | 13 | |
| Scout Tower | 2 | |
| Arcane Tower | 2 | |
| Keep | 1 | |
| Lumber Mill | 1 | |
| Arcane Vault | 1 | |
| Blacksmith | 1 | |
| Castle | 1 | |
| Arcane Sanctum | 2 | |
| Workshop | 2 | |
28 total
» build order
00:11 Altar of Kings
00:20 Barracks
00:36 Farm
00:51 Farm
01:35 Farm
01:45 Scout Tower
01:53 Farm
02:13 Arcane Tower
03:23 Scout Tower
03:54 Arcane Tower
04:02 Keep
04:17 Lumber Mill
04:43 Farm
04:58 Farm
05:20 Arcane Vault
06:20 Blacksmith
07:28 Castle
07:35 Arcane Sanctum
07:38 Arcane Sanctum
08:52 Farm
10:14 Workshop
10:17 Workshop
10:19 Farm
10:42 Farm
11:01 Farm
12:02 Farm
17:09 Farm
17:10 Farm
» items
| Scroll of Town Portal | 2 | |
| Potion of Healing | 1 | |
3 total
LION-SHEEP-TURT (
orange | 89 APM | 3326 actions | 37:27)
8 Archmage
3 Summon Water Elemental
3 Brilliance Aura
1 Mass Teleport
1 Blizzard
3 Death Knight
2 Unholy Aura
1 Death Coil
2 Pit Lord
1 Rain of Fire
1 Cleaving Attack
» actions
| Assign group hotkey | 73 | |
| Basic commands | 8 | |
| Build / train | 132 | |
| Enter build submenu | 32 | |
| Enter hero's abilities submenu | 13 | |
| Give item / drop item | 4 | |
| Remove unit from queue | 1 | |
| Right click | 1458 | |
| Select / deselect | 419 | |
| Select group hotkey | 1018 | |
| Use ability | 168 | |
3326 total
» units
| Peasant | 14 | |
| Footman | 5 | |
| Goblin Shredder | 7 | |
| Gryphon Rider | 8 | |
| Knight | 1 | |
| Crypt Fiend | 3 | |
| Flying Machine | 17 | |
| Gargoyle | 15 | |
70 total
» upgrades
| Masonry | 3 | |
| Lumber Harvesting | 1 | |
| Swords | 2 | |
| Armor | 2 | |
| Storm Hammers | 1 | |
| Animal War Training | 1 | |
| Cloud | 1 | |
| Flying Machine Bombs | 1 | |
| Stone Form | 1 | |
13 total
» buildings
| Altar of Kings | 1 | |
| Barracks | 1 | |
| Farm | 13 | |
| Scout Tower | 22 | |
| Arcane Vault | 1 | |
| Arcane Tower | 1 | |
| Lumber Mill | 2 | |
| Town Hall | 2 | |
| Guard Tower | 12 | |
| Keep | 2 | |
| Blacksmith | 1 | |
| Castle | 1 | |
| Gryphon Aviary | 7 | |
| Spirit Tower | 1 | |
| Crypt | 3 | |
| Ziggurat | 2 | |
72 total
» build order
00:07 Altar of Kings
00:21 Barracks
00:36 Farm
00:51 Farm
01:34 Farm
01:37 Scout Tower
02:06 Arcane Vault
02:30 Arcane Tower
02:36 Lumber Mill
03:56 Farm
04:48 Town Hall
04:50 Scout Tower
04:50 Scout Tower
04:51 Scout Tower
04:52 Scout Tower
05:29 Guard Tower
05:31 Guard Tower
05:31 Guard Tower
06:32 Keep
06:32 Keep
06:57 Scout Tower
06:58 Scout Tower
06:58 Scout Tower
07:23 Scout Tower
07:23 Scout Tower
07:23 Scout Tower
07:42 Blacksmith
08:08 Guard Tower
08:14 Farm
08:47 Farm
08:47 Farm
08:48 Farm
09:07 Castle
09:10 Gryphon Aviary
09:13 Gryphon Aviary
09:52 Gryphon Aviary
10:42 Gryphon Aviary
10:58 Scout Tower
10:58 Scout Tower
10:59 Scout Tower
10:59 Scout Tower
11:00 Scout Tower
11:25 Guard Tower
11:25 Guard Tower
11:44 Guard Tower
13:04 Guard Tower
13:36 Scout Tower
13:36 Scout Tower
13:37 Scout Tower
13:38 Scout Tower
13:38 Scout Tower
13:38 Scout Tower
14:17 Guard Tower
14:17 Guard Tower
14:27 Gryphon Aviary
15:09 Guard Tower
15:13 Farm
15:14 Farm
16:42 Farm
16:42 Farm
16:43 Farm
18:06 Spirit Tower
22:50 Crypt
22:51 Crypt
22:51 Crypt
22:54 Ziggurat
22:54 Ziggurat
26:28 Lumber Mill
28:09 Gryphon Aviary
28:10 Gryphon Aviary
31:45 Town Hall
» items
| Scroll of Regeneration | 6 | |
| Lesser Clarity Potion | 1 | |
| Scroll of Town Portal | 4 | |
| Ivory Tower | 3 | |
| Potion of Healing | 1 | |
15 total
Chat log
(00:16 / Allies) BlazeFury: anyone wanna feed me? <3
(00:27 / Allies) everyth1ng: k
(02:10 / Allies) BlazeFury: wood for t2?
(02:14 / All) ADragonsHoard: R+L = J
(02:19 / Allies) BlazeFury: ty
(08:44 / Allies) ADragonsHoard: b up
(10:50 / Allies) BlazeFury: gold plz?
(15:29 / Allies) BlazeFury: tp to me>?
(15:29 / Allies) everyth1ng: tp
(15:31 / Allies) BlazeFury: to late
(15:32 / Allies) BlazeFury: let it go
(15:34 / Allies) BlazeFury: all good
(15:55 / Allies) Nrienr: my base
(15:56 / Allies) Nrienr: tp?
(16:01 / Allies) BlazeFury: yea
(16:04 / Allies) Nrienr: go
(16:06 / Allies) Nrienr: im ready
(16:14 / Allies) BlazeFury: gogoogoggo
(17:09 / Allies) Nrienr: im hitting their bsae
(17:15 / Allies) BlazeFury: yes go
(18:01 / All) BlazeFury: gg
(22:00 / Allies) BlazeFury: wtf dude
(22:08 / Allies) everyth1ng: lol
(22:33 / Allies) BlazeFury: wow dude
(23:51 / All) ADragonsHoard: whoops
(23:54 / All) ADragonsHoard: didn't mean to bladestorm
(23:59 / All) ADragonsHoard: don't matta
(24:31 / Allies) BlazeFury: wtf is wrong with you
(24:46 / All) ADragonsHoard: You messed with the wrong man, bub
(24:53 / Allies) BlazeFury: i didnt do shit to you
(24:56 / All) ADragonsHoard: Nobody fucks with a made man
(25:07 / All) ADragonsHoard: Jacob Campbell is a made man
(25:13 / All) ADragonsHoard: of the farsanky crime family
(25:29 / All) ADragonsHoard: wrong base to tp to LOL
(26:27 / Allies) Nrienr: get bats blue
(28:07 / All) BlazeFury: this si so funny blue
(28:12 / All) ADragonsHoard: Yep
(28:14 / All) ADragonsHoard: hilarious
(28:22 / All) LION-SHEEP-TURT: wut happened
(28:24 / All) ADragonsHoard: I'm getting a barrel full of laughs
(28:27 / All) BlazeFury: you tiny little cock is so hard isnt it
(30:08 / Allies) Nrienr: r u guys done killing each other?
(30:18 / Allies) BlazeFury: hes the only only being a fag
(30:20 / Allies) BlazeFury: i didnt do shit
(30:23 / Allies) BlazeFury: this cock muncher
(30:31 / All) ADragonsHoard: He fucked wtih a made man
(30:34 / All) ADragonsHoard: Orange is a made man
(30:51 / Allies) BlazeFury: just orange prlly sucks his tiny little cock to much
(30:56 / Allies) BlazeFury: have fun im al tab
(31:29 / All) LION-SHEEP-TURT: never did a 1v4 before
(31:30 / All) LION-SHEEP-TURT: woo hoo
(31:48 / All) ADragonsHoard: Don't fuck with the Farsanky crime family
(32:45 / All) ADragonsHoard: This is a shakedown boys
(33:08 / All) ADragonsHoard: You've been laundering money, but you ain't been giving Farsanky his earned due
(35:38 / All) LION-SHEEP-TURT: permission to attack ur buildings your grace
(35:53 / All) ADragonsHoard: Sure thing